mgv, chaotic male elven Priest ............................................................................... ..............................................................................W ............................................................................... ............................................................................... .............................................1................................. ..................... .....|.... .................. ..................... ......|..(. ...).............. ..................... ----.|...|..................... ............ |.%....|.....%.............. |.(......(.................. ----- ---- ---- ----|............).............. +.........>........k@u.%..||.....).............. +........._........@W......|(........(.......... ----- ---- ---- ----|...|..(.................... |..||....................... |.||.....|.................. ........ ----.(....%...................W ..................... .....|........................ ..................... 2 .1|...(..|.................... ............................................................................... ............................................................................... mgv the Curate Experience level: 16 Strength: 18 Dexterity: 16 Constitution: 16 Intelligence: 10 Wisdom: 19 Charisma: 9 Health: 0(96) Energy: 259(259) Def: 21 Gold: 434 Moves: 28357 Dungeon seed: vkVPgC7Uu9BoGp75 Game ID: mgv_1552894074 Your Inventory: Coins $ - 434 gold pieces Amulets M - an amulet of magical breathing Weapons a - a blessed greased +1 mace (weapon in hand) p - 7 blessed +3 darts r - 9 blessed +0 darts P - a cursed +1 dart S - 28 +0 darts U - a +0 sling Armor e - a greased +0 robe (being worn) n - a +0 small shield (being worn) q - a blessed +0 elven leather helm (being worn) y - a +1 dwarvish mithril-coat (being worn) E - a greased +0 pair of iron shoes (being worn) Y - a greased +0 pair of leather gloves (being worn) Comestibles g - a partly eaten lizard corpse Rings t - a cursed ring of regeneration V - a cursed ring of levitation Wands b - a wand of digging (0:1) j - a wand of digging (0:1) l - a wand of digging (0:5) m - a wand of digging (0:4) w - a wand of light (0:1) A - a wand of magic missile (0:5) B - a wand of slow monster (0:0) H - a wand of striking (0:0) J - a cursed wand of striking (0:5) L - a wand of teleportation (0:1) Q - a wand of make invisible (0:7) X - a wand of create monster (0:9) Tools d - a towel f - a skeleton key h - a tooled horn k - a +0 unicorn horn o - a blessed bag of holding u - a bag of tricks (0:2) v - a magic whistle F - a sack I - an oil lamp (0:80) R - an oilskin sack Gems z - 2 worthless pieces of blue glass N - 3 worthless pieces of red glass O - a blessed luckstone Contents of the bag of holding: 3443 gold pieces a +0 silver saber 2 lembas wafers 13 lumps of royal jelly a sprig of wolfsbane 2 tripe rations a blessed scroll of enchant armor a scroll of enchant armor a blessed scroll of enchant weapon 2 scrolls of enchant weapon 2 scrolls of genocide a scroll of gold detection a scroll of identify a cursed scroll of identify a blessed scroll of light a scroll of light a blessed scroll of remove curse a scroll of remove curse a scroll of scare monster 3 scrolls of taming 2 scrolls of teleportation a spellbook of light a potion of extra healing a potion of full healing a cursed potion of full healing a potion of holy water a potion of paralysis a potion of unholy water a potion of water a cursed ring of cold resistance a ring of conflict a cursed -1 ring of gain strength a ring of invisibility a ring of levitation a ring of levitation a +1 ring of protection a ring of see invisible a cursed ring of slow digestion a ring of stealth a ring of teleport control a wand of create monster (0:8) a wand of light (0:10) a wand of light (0:4) 6 blessed tallow candles (0:200) 3 tallow candles (0:200) 5 wax candles (0:400) 2 amethyst stones 2 diamonds 3 emeralds 2 opals 2 rubies a topaz stone 2 worthless pieces of blue glass 2 worthless pieces of green glass 4 worthless pieces of orange glass 5 worthless pieces of red glass 4 worthless pieces of violet glass 6 worthless pieces of white glass a worthless piece of yellowish brown glass Spells and supernatural/magical abilities: Name Level Category Fail Memory c - cause fear 3 enchantment 90% 56% d - dig 5 matter 100% 92% k - knock 1 matter 48% 43% n - detect monsters 1 divination 48% 94% t - teleport away 6 escape 100% 92% w - wizard lock 2* matter 49% 0% D - drain life 2 attack 49% 65% U - detect unseen 3* divination 48% 0% W - pray for help -- divine ? -- X - turn undead -- divine ? -- Your skills at the end: Fighting Skills Weapon Skills mace [Skilled] dart [Basic] Spellcasting Skills divination spells [Basic] clerical spells [Basic] Final Attributes: You were piously aligned. You were fire resistant. You were cold resistant. You were sleep resistant. You were poison resistant. You were confused. You were telepathic. You were warned. You had infravision. You were protected. You were lucky. You had extra luck. Good luck did not time out for you. You are dead. Vanquished creatures: a baluchitherium a titanothere 5 vampire lords 7 vampires 43 ghosts 2 queen bees 5 giant mimics an ice troll 3 large mimics 2 wumpuses a stalker a fire elemental an earth elemental a water elemental a giant mummy a black naga a xorn 3 giant zombies a vrock 8 wargs 7 small mimics a glass piercer a xan an ettin mummy a quantum mechanic 12 trolls a marilith 3 gelatinous cubes a pyrolisk a freezing sphere 2 shocking spheres a large cat 2 tigers a dwarf king 2 tengu an ochre jelly an energy vortex 3 mountain centaurs 2 cobras 47 wraiths a carnivorous ape 4 ettin zombies 2 horned devils a succubus 3 incubi a chameleon a crocodile 2 giant beetles a quivering blob a cockatrice 6 wolves 2 winter wolf cubs 2 lynxes a panther 2 gremlins a spotted jelly 17 leprechauns 2 orc-captains 4 giant spiders 2 ice vortices 7 gnome kings an orc mummy an ogre a brown pudding a rust monster 3 owlbears a yeti a gold golem 3 werewolves a Green-elf 2 lizards 2 chickatrices 2 dogs a dingo 3 housecats 4 jaguars 2 dwarf lords 2 blue jellies 3 white unicorns a gray unicorn 3 dust vortices 5 ravens 2 plains centaurs a gnome mummy a snake 8 apes 68 human zombies a Woodland-elf 4 soldier ants 15 bugbears a quasit 5 wood nymphs a water nymph 8 Mordor orcs an Uruk-hai 3 orc shamans 5 rock piercers a rock mole 2 ponies a fog cloud 6 yellow lights 4 violet fungi 17 gnome lords 7 gnomish wizards a kobold mummy 2 golden naga hatchlings 5 gray oozes a barrow wight 19 elf zombies 12 ghouls 2 straw golems 4 paper golems a baby crocodile 3 giant ants 3 little dogs 3 floating eyes 5 kittens 18 dwarves 6 kobold lords 4 kobold shamans 21 hill orcs 12 rothes a rabid rat 4 centipedes 6 giant bats 3 monkeys 24 orc zombies 19 dwarf zombies 3 wererats 7 iguanas 73 killer bees an acid blob 14 coyotes 8 hobbits 3 manes 3 large kobolds 18 hobgoblins 9 giant rats 5 cave spiders 4 brown molds 3 yellow molds 3 red molds 64 gnomes 34 garter snakes 16 gnome zombies 5 geckos 13 jackals 4 foxes a kobold 6 goblins 14 sewer rats 10 grid bugs 13 lichens 17 kobold zombies 14 newts 992 creatures vanquished. Genocided or extinct species: human zombies (extinct) 1 species extinct. Voluntary challenges: You had been an atheist until turn 15106. You used a wielded weapon 2196 times, starting on turn 43. You read items or engraved 623 times, starting on turn 1944. You never genocided any monsters. You never polymorphed an object. You never changed form. You used no wishes. You never split a pudding. You wrote Elbereth's name 503 times, starting on turn 1944. You violated your moral code, losing 55 points of alignment, starting on turn 6748. Dungeon overview: The Dungeons of Doom: levels 1 to 20 Level 1 a fountain a long staircase Level 2 a weapon shop Level 3 a general store Level 4 stairs to The Gnomish Mines Level 5 many fountains Level 6 some fountains stairs to Sokoban Level 7 Level 8 a fountain Level 9 a general store, a sink Level 10 Level 11 Level 12 (throne room to the right of downstairs) a throne portal to The Quest Level 13 many fountains Level 14 Level 15 Level 16 (winged gargoyle here) an altar to Kos, some fountains Level 17 Level 18 Level 19 (master lich below donstairs) some fountains Level 20 The Gnomish Mines: levels 5 to 12 Level 5 stairs to The Dungeons of Doom Level 6 Level 7 Level 8 many shops, a temple to Issek, some fountains Level 9 Level 10 Level 11 Level 12 The Quest: levels 1 to 3 Level 1 a temple to Moloch portal to The Dungeons of Doom Level 2 (food near upstair) Level 3 <- You were here a temple to Moloch Sokoban: levels 2 to 5 Level 2 Level 3 Level 4 Level 5 stairs to The Dungeons of Doom History has recorded: On T:1 you entered the Dungeons of Doom to retrieve the Amulet of Yendor! On T:120 you reached level 2 of The Dungeons of Doom. On T:204 you advanced to experience level 2. On T:272 you advanced to experience level 3. On T:669 you reached level 3 of The Dungeons of Doom. On T:786 you advanced to experience level 4. On T:939 you reached level 4 of The Dungeons of Doom. On T:1123 you reached level 1 of The Gnomish Mines. On T:1147 you advanced to experience level 5. On T:1473 you reached level 2 of The Gnomish Mines. On T:1998 you advanced to experience level 6. On T:2374 you reached level 3 of The Gnomish Mines. On T:2591 you reached level 4 of The Gnomish Mines. On T:2833 you advanced to experience level 7. On T:3452 you reached level 5 of The Dungeons of Doom. On T:3650 you reached level 6 of The Dungeons of Doom. On T:3768 you reached level 4 of Sokoban. On T:4516 you reached level 3 of Sokoban. On T:5206 you reached level 2 of Sokoban. On T:5692 you reached level 1 of Sokoban. On T:5719 you advanced to experience level 8. On T:8092 you reached level 7 of The Dungeons of Doom. On T:8521 you reached level 8 of The Dungeons of Doom. On T:9528 you reached level 9 of The Dungeons of Doom. On T:11284 you reached level 10 of The Dungeons of Doom. On T:11487 you reached level 11 of The Dungeons of Doom. On T:11877 you advanced to experience level 9. On T:12432 you reached level 12 of The Dungeons of Doom. On T:12810 you reached level 1 of The Quest. On T:13085 you reached level 13 of The Dungeons of Doom. On T:13659 you reached level 14 of The Dungeons of Doom. On T:14019 you reached level 15 of The Dungeons of Doom. On T:14941 you reached level 16 of The Dungeons of Doom. On T:16271 you advanced to experience level 10. On T:16287 you reached level 17 of The Dungeons of Doom. On T:16896 you reached level 18 of The Dungeons of Doom. On T:17095 you reached level 19 of The Dungeons of Doom. On T:17498 you reached level 20 of The Dungeons of Doom. On T:22017 you reached level 5 of The Gnomish Mines. On T:22166 you reached level 6 of The Gnomish Mines. On T:22294 you reached level 7 of The Gnomish Mines. On T:22527 you reached level 8 of The Gnomish Mines. On T:23229 you advanced to experience level 11. On T:26102 you advanced to experience level 12. On T:26251 you advanced to experience level 13. On T:26273 you advanced to experience level 14. On T:26326 you embarked upon an epic quest. On T:26395 you reached level 2 of The Quest. On T:26616 you advanced to experience level 15. On T:26993 you reached level 3 of The Quest. On T:27313 you advanced to experience level 16. Score breakdown: Gold: 3877 (12207 points) Experience: 16 levels (21575 points) Exploration: 20 levels ( 38.46%) (18311 points) Discoveries: 48 items ( 16.78%) (12290 points) Valuables value: (no points given unless you survive) Artifact value: 0 ( 0 points) Variety of kills: 155 monsters ( 40.68%) (19134 points) Turncount: 28357 turns (-3918 points) Survival: died (score multiplied by 80%) Total score: 63679 Latest messages: The priestess of Moloch casts a spell at you! You feel confused! You hit the priestess of Moloch! The priestess of Moloch swings her mace. The priestess of Moloch hits! The priestess of Moloch misses. The priestess of Moloch points at you, then curses. Tom's ghost misses. You hit the priestess of Moloch! The priestess of Moloch swings her mace. The priestess of Moloch hits! The priestess of Moloch kicks! The priestess of Moloch casts a spell at you! You are frozen in place! The priestess of Moloch swings her mace. The priestess of Moloch hits! The priestess of Moloch kicks! The priestess of Moloch points at you, then curses. The large kobold misses. The priestess of Moloch swings her mace. The priestess of Moloch hits! You die... The sack is empty. The oilskin sack is empty. Final status: Goodbye mgv the Priest, killed by a priestess of Moloch, while paralyzed by a monster... You died in The Quest on dungeon level 3 with 63679 points, and 3877 pieces of gold, after 28357 moves. You were level 16 with a maximum of 96 hit points when you died.